 Dungeon Crawl Stone Soup version 0.30-a0-122-g2a1322497e (webtiles) character file.

Game seed: 10349063190371922569

7 Pilot the Caller (level 1, 0/7 HPs)
             Began as a Felid Summoner on Sept 17, 2022.
             Slain by a quokka (4 damage)
             ... on level 1 of the Dungeon.
             The game lasted 00:01:24 (607 turns).

Pilot the Caller (Felid Summoner)                    Turns: 607, Time: 00:01:25

Health: 0/7        AC:  1    Str:  4    XL:     1   Next: 91%
Magic:  2/4        EV: 17    Int: 16    God:
Gold:   9          SH:  0    Dex: 16    Spells: 3/4 levels left
                                        Lives:  0   Deaths: 0

rFire   . . .      SeeInvis +    (weapon unavailable)
rCold   . . .      Faith    .    (shield unavailable)
rNeg    . . .      Spirit   .    (body armour unavailable)
rPois   .          Reflect  .    (helmet unavailable)
rElec   .          Harm     .    (cloak unavailable)
rCorr   .          Rampage  .    (gloves unavailable)
Will    .....                    (boots unavailable)
Stlth   ++........               (no amulet)
HPRegen 0.02/turn                (no ring)
MPRegen 0.09/turn                (no ring)

@: quick
A: very small, claws 1, fangs 3, see invisible, speed 1, shaggy fur 1, stealthy
paws, no weapons or thrown items, no armour, multi-lived
a: no special abilities


You were on level 1 of the Dungeon.
You visited 1 branch of the dungeon, and saw 1 of its levels.

You collected 9 gold pieces.

Inventory:

Potions
 a - a potion of magic
 b - a potion of curing {unknown}


   Skills:
 + Level 3.0 Dodging
 + Level 3.0 Stealth
 + Level 2.1 Spellcasting
 + Level 4.1 Summonings


You had 3 spell levels left.
You knew the following spells:

 Your Spells              Type           Power      Damage    Failure   Level
a - Summon Small Mammal   Summ           56%        N/A       3%          1

Your spell library contained the following spells:

 Spells                   Type           Power      Damage    Failure   Level
 Call Imp                 Summ           14%        N/A       6%          2
 Call Canine Familiar     Summ           14%        N/A       12%         3
 Summon Guardian Golem    Hex/Summ       8%         N/A       26%         3
 Summon Lightning Spire   Summ/Air       8%         N/A       65%         4


Dungeon Overview and Level Annotations

Branches:
Dungeon (1/15)

Altars:


Innate Abilities, Weirdness & Mutations

You have sharp claws.
You have razor-sharp teeth.
You have supernaturally acute eyesight. (SInv)
You cover ground quickly. (Speed+)
You are covered in fur. (AC +1)
Your paws help you pounce on unaware monsters.
You are incapable of wielding weapons or throwing items.
You cannot wear armour.
You gain extra lives every three experience levels.


Message History

Your rat disappears in a puff of smoke!
Found a stone staircase leading down.
Found a troll leather armour.
Found a scale mail and 4 poisoned darts.
A kobold comes into view. It is wielding a +0 whip.
Found 16 gold pieces, 10 stones, a whip and a scroll labelled XOXISA IJONYI.
A quokka and a bat come into view.
Found a scale mail.
A bat is nearby!
A goblin comes into view. It is wielding a +0 club.
The bat closely misses you.
Casting: Summon Small Mammal (safe; 3% risk of failure)
Confirm with . or Enter, or press ? or * to list all spells.
The bat closely misses you.
Sorry, you're not good enough to have a special ability.
Casting: Summon Small Mammal (safe; 3% risk of failure)
Confirm with . or Enter, or press ? or * to list all spells.
The bat misses you. The bat closely misses your bat.
Your bat barely misses the bat.
The bat closely misses your bat.
Your bat closely misses the bat.
The bat completely misses your quokka. The bat closely misses you.
Your bat barely misses the quokka.
Your quokka barely misses the bat.
The quokka closely misses your bat.
You scratch the bat but do no damage. The bat barely misses you.
Your bat barely misses the quokka.
The bat hits you but does no damage.
Your bat hits the quokka.
Your quokka bites the bat.
You scratch the bat.
You kill the bat!
Your quokka bites the quokka.
The quokka bites you.
Your bat closely misses the quokka.
Your Dodging skill increases to level 3!
Your Stealth skill increases to level 3!
Your bat misses the quokka.
Your bat closely misses the quokka.
Your quokka closely misses the quokka.
You scratch the quokka but do no damage.
The quokka is moderately wounded.
Your bat hits the quokka but does no damage.
The quokka bites you.
Ouch! That really hurt!
You die...

... #..######. ....
#.........# .....
#.........#
......##..#####..#
.K........g#)?(#..#
.........b.#[($#..#
........#.r#[$(#..#
......#.#.r#####..##
........#..@....[...
#......#.........##
#.##....##...###.#
#.##.......###
#.##...#...#
#.##...#...... .#
#.##............. ..#
#####.#...>..#######.#
..### #..........#.#
#.# #...


You could see a quokka (ally target), a goblin, a friendly quokka (summoned) and
a friendly bat (summoned).

Vanquished Creatures
  2 bats (D:1)
  A frilled lizard (D:1)
  A rat (D:1)
4 creatures vanquished.

Vanquished Creatures (collateral kills)
  A bat (D:1)
  A hobgoblin (D:1)
  A quokka (D:1)
3 creatures vanquished.

Grand Total: 7 creatures vanquished

Notes
Turn   | Place    | Note
-------+----------+-------------------------------------------
     0 | D:1      | Pilot the Felid Summoner began the quest for the Orb.
     0 | D:1      | Reached XP level 1. HP: 7/7 MP: 4/4
     4 | D:1      | Noticed an electric eel
   607 | D:1      | Slain by a quokka

Illustrated notes

Levels and vault maps discovered:
D:1:      arrival_aquarium_a, layout_rooms, ebering_ecumenical_altar_webs,
          due_unseen_surprise

Skill      XL: |  1 |
---------------+----+-----
Dodging        | 3 |  3.0
Stealth        | 3 |  3.0
Spellcasting   | |  2.1
Summonings     | |  4.1

Action                   || total
-------------------------++-------
Melee: Unarmed           ||    23
       Punch             ||     1
       Bite              ||     1
 Cast: Summon Small Mamm ||     7
Armor: Skin              ||     4
Dodge: Dodged            ||    27

Table legend: (Time is in decaauts)
 A = Elapsed time spent in this place.
 B = Non-inter-level travel time spent in this place.
 C = Inter-level travel time spent in this place.
 D = Time resting spent in this place.
 E = Time spent auto-exploring this place.
 F = Levels seen in this place.
 G = Mean time per level.
                   A        B        C        D        E       F      G
               +--------+--------+--------+--------+--------+-----+--------+
         Total |    581 |    579 |      2 |      0 |    447 |   1 |  581.0 |
       Dungeon |    581 |    579 |      2 |      0 |    447 |   1 |  581.0 |
               +--------+--------+--------+--------+--------+-----+--------+

Top non-repeatable levels by time:
     D:1: 581 daAuts
